 Dungeon Crawl Stone Soup version 0.26.0-10-g1f06aea511 (webtiles) character file.

Game seed: 16022276444242387840

178 Arum the Skirmisher (level 5, -2/34 HPs)
             Began as a Gargoyle Fighter on Jan 17, 2021.
             Was an Initiate of Ru.
             Slain by Sigmund
             ... wielding a +0 scythe
              (3 damage)
             ... while paralysed
             ... on level 3 of the Dungeon.
             The game lasted 00:02:30 (1946 turns).

Arum the Skirmisher (Gargoyle Fighter)              Turns: 1946, Time: 00:02:31

Health: -2/34      AC: 15    Str: 21    XL:     5   Next: 58%
Magic:  5/5        EV:  2    Int:  8    God:    Ru [......]
Gold:   130        SH:  0    Dex:  9    Spells: 4/4 levels left

rFire    . . .     SeeInvis .   a - +0 flail
rCold    . . .     Faith    .   c - +0 kite shield
rNeg     + . .     Spirit   .   b - +0 scale mail
rPois    ∞         Reflect  .   (no helmet)
rElec    +         Harm     .   (no cloak)
rCorr    .         Rampage  .   (no gloves)
Will     .....                  (no boots)
Stlth    ..........             (no amulet)
HPRegen  0.11/turn              g - +4 ring of protection
MPRegen  0.09/turn              (no ring)

@: paralysed, berserk cooldown, flying, slowed
A: negative energy resistance 1, electricity resistance, unbreathing,
petrification resistance, miasma immunity, AC +4
a: Renounce Religion


You were on level 3 of the Dungeon.
You worshipped Ru.
Ru was noncommittal.
You visited 1 branch of the dungeon, and saw 3 of its levels.

You collected 130 gold pieces.

Inventory:

Hand Weapons
 a - a +0 flail (weapon)
Armour
 b - a +0 scale mail (worn)
 c - a +0 kite shield (worn)
Jewellery
 g - a +4 ring of protection (left hand)
 m - a cursed -4 ring of strength {unknown}
Scrolls
 e - 2 scrolls of magic mapping {unknown}
 i - 3 scrolls of identify {unknown}
 j - 3 scrolls of fear {unknown}
 k - a scroll of amnesia {unknown}
 l - a scroll of enchant armour {unknown}
Potions
 d - a potion of might
 f - a potion of heal wounds {unknown}


   Skills:
 + Level 4.3 Fighting
 + Level 3.2 Maces & Flails
 + Level 4.3 Armour
 + Level 4.3 Shields


You had 4 spell levels left.
You didn't know any spells.
Your spell library was empty.

Dungeon Overview and Level Annotations

Branches:
Dungeon (3/15)

Altars:
Ashenzari
Ru

Annotations:
D:3 Sigmund


Innate Abilities, Weirdness & Mutations

You are resistant to torment.
Your stone body is resilient. (AC +4)
You are immune to poison.
You resist negative energy. (rN+)
You are resistant to electric shocks. (rElec)
You can survive without breathing.
You are immune to petrification.
You are immune to miasma.


Message History

Unknown command.
It was a potion of berserk rage.
A red film seems to cover your vision as you go berserk!
You feel yourself moving faster!
You feel mighty! Something hits you.
* * * LOW HITPOINT WARNING * * *
Unknown command.
You are too berserk!
You bump into the rock wall.
You feel a strong urge to attack something.
You bump into the rock wall.
You bump into the rock wall.
You feel your anger nearly subside. Something hits you but does no damage.
You bump into the rock wall.
You feel less confused.
You are no longer berserk.
You pass out from exhaustion.
You feel yourself slow down. Something hits you but does no damage.
Something hits you.
You die...

....# ....## .....## .....[#
......### #. ....#...### #.# ...
..........###.# #### ...
...###.##..##.########## #.. ....
...<....##....†.@{K....###.##K...
..####......##)#######...#.......
††# ##..†#.##....##.....K.......
#.# ##..[.##................#..
... #.............#....(?"....
... #..#...........(###..##...
.... .....)..........#.# #.## ..
......##.#..........#..###.#..
....# .....#.......#..##.....


You could see a kobold.

Vanquished Creatures
  2 orc priests (D:3)
  4 adders (D:3)
  2 dart slugs (D:1)
  A leopard gecko (D:2)
  4 orcs (D:3)
  A ball python (D:2)
  8 bats
  5 giant cockroaches
  5 goblins
  11 hobgoblins
  7 jackals
  9 kobolds
  A quokka (D:3)
  6 frilled lizards
  6 rats
72 creatures vanquished.

Notes
Turn   | Place    | Note
-------+----------+-------------------------------------------
     0 | D:1      | Arum the Gargoyle Fighter began the quest for the Orb.
     0 | D:1      | Reached XP level 1. HP: 14/14 MP: 1/1
    43 | D:1      | Reached XP level 2. HP: 16/19 MP: 2/2
   413 | D:1      | Reached XP level 3. HP: 23/23 MP: 3/3
   658 | D:2      | Found a broken altar of Ashenzari.
   782 | D:2      | Found a sacrificial altar of Ru.
   790 | D:2      | Became a worshipper of Ru the Awakened
  1296 | D:2      | Reached XP level 4. HP: 24/29 MP: 4/4
  1598 | D:3      | Reached XP level 5. HP: 12/33 MP: 5/5
  1839 | D:3      | Noticed Sigmund
  1940 | D:3      | HP: 1/51 [something (3)]
  1946 | D:3      | Slain by Sigmund

Illustrated notes

Levels and vault maps discovered:
D:1:      lightli_arrival_isolated_outpost, layout_basic, minmay_pentomino_o2
D:2:      layout_loops_corners, lemuel_crystal_altar, nicolae_ru_path_of_blood,
          minmay_distorted
D:3:      layout_rooms, minmay_strange_pillars, hex_intersection, uniq_sigmund

Skill      XL: |  1  2  3  4 |
---------------+-------------+-----
Fighting       | 4 |  4.3
Maces & Flails | 3 |  3.2
Armour         | 4 |  4.3
Shields        | 4 |  4.3

Action                   |  1- 3 |  4- 6 || total
-------------------------+-------+-------++-------
Melee: Flail             |   158 |   127 ||   285
  Use: Potion            |       |     2 ||     2
Armor: Scale mail        |   136 |   111 ||   247
Dodge: Dodged            |    71 |    45 ||   116
Block: Kite shield       |   112 |    98 ||   210
